 Dungeon Crawl Stone Soup version 0.30.0-10-gfe55d96785 (webtiles) character file.

Game seed: 4390406844608268428

1 Byczy the Caller (level 1, -4/10 HPs)
             Began as a Deep Elf Summoner on May 15, 2023.
             Succumbed to a kobold's poison
             ... on level 1 of the Dungeon.
             The game lasted 00:00:45 (27 turns).

Byczy the Caller (Deep Elf Summoner)                  Turns: 27, Time: 00:00:46

Health: -4/10      AC:  2    Str:  5    XL:     1   Next: 16%
Magic:  4/6        EV: 12    Int: 19    God:
Gold:   0          SH:  0    Dex: 15    Spells: 5/6 levels left

rFire   . . .        (no weapon)
rCold   . . .        (no shield)
rNeg    . . .        a - +0 robe
rPois   .            (no helmet)
rElec   .            (no cloak)
rCorr   .            (no gloves)
SInv    .            (no boots)
Will    .....        (no amulet)
Stlth   ++           (no ring)
HPRegen 0.21/turn    (no ring)
MPRegen 0.10/turn

%: no passive effects
@: lethally poisoned (-4 -> -26)
A: no striking features
a: no special abilities


You were on level 1 of the Dungeon.
You visited 1 branch of the dungeon, and saw 1 of its levels.

Inventory:

Armour
 a - a +0 robe (worn)
Potions
 b - a potion of magic
 c - a potion of brilliance {unknown}
 d - a potion of curing {unknown}


   Skills:
 + Level 2.4 Dodging
 + Level 2.4 Stealth
 + Level 3.0 Spellcasting
 + Level 4.4 Summonings


You had 5 spell levels left.
You knew the following spells:

 Your Spells              Type           Power      Damage    Failure   Level
a - Summon Small Mammal   Summ           76%        N/A       2%          1

Your spell library contained the following spells:

 Spells                   Type           Power      Damage    Failure   Level
 Call Imp                 Summ           38%        N/A       3%          2
 Call Canine Familiar     Summ           19%        N/A       8%          3
 Summon Guardian Golem    Hex/Summ       11%        N/A       19%         3
 Summon Lightning Spire   Summ/Air       11%        N/A       52%         4


Dungeon Overview and Level Annotations

Branches:
Dungeon (1/15)

Altars:


Message History

A goblin and a kobold come into view.
Found a scroll labelled LOARIO PALLOWN.
The goblin moves out of view.
A kobold comes into view.
It is wielding a +0 short sword of venom.
The kobold shouts!
Your rat bites the kobold but does no damage.
Your rat bites the kobold but does no damage.
You see here a scroll labelled LOARIO PALLOWN.
The kobold misses you.
Your rat barely misses the kobold.
You hit the kobold.
The kobold is heavily wounded.
The kobold closely misses you.
Your rat closely misses the kobold.
The goblin closely misses your rat.
You barely miss the kobold.
The kobold is heavily wounded.
The kobold hits you but does no damage.
Your rat closely misses the kobold.
The goblin hits your rat with a +0 dagger.
Your rat dies!
Your rat's corpse disappears in a puff of smoke!
You barely miss the kobold.
The kobold is heavily wounded.
The kobold hits you with a +0 short sword of venom.
You are lethally poisoned!
The kobold completely misses you.
You hit the kobold.
You kill the kobold!
You feel sick.
The kobold hits you with a +0 short sword of venom.
You are more poisoned.
You barely miss the goblin.
* * * LOW HITPOINT WARNING * * *
You feel very sick. The goblin barely misses you.
The kobold hits you with a +0 short sword of venom.
* * * LOW HITPOINT WARNING * * *
You are more poisoned.
You are too injured to fight recklessly!
Casting: Summon Small Mammal (safe; 2% risk of failure)
Confirm with . or Enter, or press ? or * to list all spells.
Ouch! That really hurt!
You die...

####### #.....#
#.....# .###
#.....#
....##.....#
#........#
#......#
#.?...# #.@K..#
#..g......#
#..r..r...#
#.........#
#.........#
.............
###..........##
.. #...........
... g........#
....


You could see a goblin (ally target), a kobold (ally target), a friendly quokka
(summoned) and a friendly rat (summoned).

Vanquished Creatures
  A kobold (D:1)
1 creature vanquished.

Notes
Turn   | Place    | Note
-------+----------+-------------------------------------------
     0 | D:1      | Byczy the Deep Elf Summoner began the quest for the Orb.
     0 | D:1      | Reached XP level 1. HP: 10/10 MP: 6/6
    27 | D:1      | Succumbed to a kobold's poison

Illustrated notes

Levels and vault maps discovered:
D:1:      minmay_arrival_stair_chambers, layout_rooms

Action                     || total
---------------------------++-------
  Melee: Unarmed           ||     5
   Cast: Summon Small Mamm ||     3
 Armour: Robe              ||     1
  Dodge: Dodged            ||     4
